 Dungeon Crawl Stone Soup version 0.26-a0-537-g96b2eae49b (webtiles) character file.

Game seed: 2491633834578489525

194904 Morbidden the Unseen (level 19, 2/120 HPs)
             Began as a Kobold Gladiator on Aug 12, 2020.
             Was the Champion of Dithmenos.
             Quit the game on level 4 of the Swamp on Aug 14, 2020.
             The game lasted 01:21:22 (43459 turns).

Morbidden the Unseen (Kobold Gladiator)            Turns: 43459, Time: 01:21:23

Health: 2/120      AC: 16    Str: 12    XL:     19   Next: 48%
Magic:  4/42       EV: 24    Int: 18    God:    Dithmenos [******]
Gold:   1787       SH:  0    Dex: 18    Spells: 39/39 levels left

rFire    . . .     SeeInvis .   b - +7 lajatang of Order {silver, rMut}
rCold    . . .     Faith    .   (shield currently unavailable)
rNeg     . . .     Spirit   +   z - +0 swamp dragon scales
rPois    +         Reflect  .   Z - +1 helmet {Int+3}
rElec    .         Harm     .   (no cloak)
rCorr    .                      (no gloves)
rMut     +                      E - +0 pair of boots
MR       +....                  e - amulet of guardian spirit
Stlth    +++++++...             T - +4 ring of protection
HPRegen  0.30/turn              Q - ring of magical power
MPRegen  0.28/turn

@: lethally poisoned (2 -> -2), very slightly contaminated, slowed, wreathed by
umbra, very slow
A: small, nightstalker 3
a: Shadow Step, Shadow Form, Renounce Religion


You were on level 4 of the Swamp.
You worshipped Dithmenos.
Dithmenos was exalted by your worship.
You visited 5 branches of the dungeon, and saw 28 of its levels.
You also visited: Ice Cave and Volcano.

You collected 2756 gold pieces.
You spent 969 gold pieces at shops.

Inventory:

Hand Weapons
 a - a +3 dagger of venom
 b - the +7 lajatang of Order (weapon) {silver, rMut}
   (You acquired it on level 2 of the Lair of Beasts)

   It protects you from mutation.
 M - the +10 dagger of Bread {drain, Fragile +Fly Dex+3}
   (You bought it in a shop on level 10 of the Dungeon)

   A truly terrible weapon, it drains the life of those it strikes.
   It affects your dexterity (+3).
   It lets you fly.
   It will be destroyed if unequipped.
 V - the +9 sword of Zonguldrok {reap}
   (You found it on level 14 of the Dungeon)

   If a monster killed with it leaves a corpse in good enough shape, the corpse
   will be animated as a zombie friendly to the killer.
Missiles
 d - 8 throwing nets
 f - 82 poisoned darts
 C - 18 boomerangs (quivered)
Armour
 c - a +1 hat of magic resistance
 h - a +0 troll leather armour
 z - +0 swamp dragon scales (worn)
 E - a +0 pair of boots (worn)
 Z - a +1 helmet of intelligence (worn)
Jewellery
 e - an amulet of guardian spirit (around neck)
 i - an uncursed ring of protection from fire
 l - the amulet "Axeefe" {Acrobat *Slow rElec MR+}
   (You found it on level 1 of the Swamp)

   [amulet of the acrobat]

   It helps you evade while moving and waiting.
   It insulates you from electricity.
   It affects your resistance to hostile enchantments.
   It may slow you when you take damage.
 Q - a ring of magical power (right hand)
 T - a +4 ring of protection (left hand)
Wands
 p - a wand of iceblast (24)
 D - a wand of random effects (16)
 G - a wand of disintegration (8)
 K - a wand of acid (3)
 R - a wand of flame (29)
 S - a wand of digging (4)
 W - a wand of polymorph (21)
Scrolls
 j - 3 scrolls of amnesia
 k - 5 scrolls of enchant weapon
 m - 2 scrolls of fog
 o - 3 scrolls of enchant armour
 r - 3 scrolls of teleportation
 s - 2 scrolls of immolation
 u - 11 scrolls of identify
 v - 7 scrolls of remove curse
 y - 5 scrolls of magic mapping
 H - a scroll of fear
 L - 2 scrolls of noise
Potions
 n - 4 potions of cancellation
 q - 4 potions of lignification
 t - 2 potions of resistance
 w - 4 potions of curing
 A - 2 potions of stabbing
 B - 4 potions of haste
 F - 7 potions of flight
 J - 5 potions of mutation
 O - 3 potions of brilliance
 P - 3 potions of might
 U - 2 potions of magic
Miscellaneous
 X - a condenser vane (1/2)
 Y - a tin of tremorstones (1/3)


   Skills:
 * Level 13.6 Fighting
 - Level 12.2(13.5) Short Blades
 + Level 6.3(8.2) Long Blades
 + Level 7.2 Staves
 + Level 3.0 Throwing
 + Level 6.5 Armour
 * Level 14.9 Dodging
 + Level 16.6 Stealth
 * Level 10.6 Spellcasting
 * Level 9.7 Invocations
 * Level 10.6 Evocations


You had 39 spell levels left.
You didn't know any spells.
Your spell library contained the following spells:

 Spells                   Type           Power        Failure   Level
 Beastly Appendage        Tmut           #.....       16%         1
 Corona                   Hex            #......      16%         1
 Magic Dart               Conj           #...         16%         1
 Ensorcelled Hibernation  Hex/Ice        #.....       24%         2
 Poisonous Vapours        Pois/Air       #.....       24%         2
 Searing Ray              Conj           #.....       24%         2
 Wereblood                Tmut           #.......     24%         2
 Confusing Touch          Hex            #.......     43%         3
 Conjure Flame            Conj/Fire      #.......     43%         3
 Dazzling Flash           Conj/Hex       #.....       43%         3
 Gell's Gravitas          Tloc           #.........   43%         3
 Inner Flame              Hex/Fire       #.......     43%         3
 Mephitic Cloud           Conj/Pois/Air  #.......     43%         3
 Portal Projectile        Hex/Tloc       #.....       43%         3
 Spider Form              Tmut/Pois      #.........   43%         3
 Stone Arrow              Conj/Erth      #.....       43%         3
 Teleport Other           Tloc           #.......     43%         3
 Tukima's Dance           Hex            #.......     43%         3
 Cause Fear               Hex            #.........   83%         4
 Fulminant Prism          Conj/Hex       #.........   83%         4
 Ice Form                 Ice/Tmut       #.......     83%         4
 Iskenderun's Mystic Bla  Conj/Tloc      #.......     83%         4
 Leda's Liquefaction      Hex/Erth       #.........   83%         4
 Petrify                  Tmut/Erth      #.......     83%         4
 Sticky Flame             Conj/Fire      #.......     83%         4
 Summon Ice Beast         Ice/Summ       #.......     83%         4
 Blade Hands              Tmut           #.........   99%         5
 Bolt of Magma            Conj/Fire/Erth #.........   99%         5
 Fireball                 Conj/Fire      #.........   99%         5
 Irradiate                Conj/Tmut      #.........   99%         5
 Iskenderun's Battlesphe  Conj           #.......     99%         5
 Metabolic Englaciation   Hex/Ice        #.........   99%         5
 Silence                  Hex/Air        #.........   99%         5
 Yara's Violent Unravell  Hex/Tmut       #.........   99%         5
 Freezing Cloud           Conj/Ice/Air   #.........   100%        6
 Iron Shot                Conj/Erth      #.........   100%        6
 Simulacrum               Ice/Necr       #.........   100%        6
 Statue Form              Tmut/Erth      #........    100%        6
 Orb of Destruction       Conj           #.........   100%        7
 Spellforged Servitor     Conj/Summ      #.........   100%        7
 Discord                  Hex            #.........   100%        8


Dungeon Overview and Level Annotations

Branches:
Dungeon (15/15)            Temple (1/1) D:6            Lair (6/6) D:9
  Swamp (4/4) Lair:4        Snake (0/4) Lair:2        Slime (0/5) Lair:5
    Orc (2/2) D:12            Elf (0/3) Orc:2        Vaults (0/5) D:14
 Depths (0/5) D:15          IceCv (visited)         Volcano (visited)

Altars:
Ashenzari
Cheibriados
Dithmenos
Elyvilon
Fedhas
Gozag
Hepliaklqana
Kikubaaqudgha
Makhleb
Nemelex Xobeh
Okawaru
Qazlal
Ru
Sif Muna
Trog
Uskayaw
Vehumet
Wu Jian
Xom
Yredelemnul
Zin
The Shining One
Beogh

Shops:
D:4 ?   D:7 *   D:10 (   D:14 (}[*[   Orc:2 }[*:

Annotations:
D:5 3 runed translucent doors, Napalmbreeze's ghost, novice FoFi
D:14 Roxanne
Lair:2 exclusion: oklob plant
Lair:4 2 transporters, Doisiki's ghost, journeyman DsFE


Innate Abilities, Weirdness & Mutations

You are small and have problems with some larger weapons.
You are completely attuned to the shadows.


Message History

Moving in this stuff is going to be slow.
* * * LOW HITPOINT WARNING * * *
You feel sick.
The bog body points at you and mumbles some strange words.
You feel yourself slow down.
An eight-headed hydra comes into view.
Unknown command.
A bog body comes into view.
* * * LOW HITPOINT WARNING * * *
You feel sick.
A shadow comes into view.
The bog body casts a spell at you. The bolt of cold misses you.
A bog body comes into view.
The shadow slips into darkness.
The shadow flickers and vanishes!
Deactivating autopickup; reactivate with Ctrl-A.
Unknown command.
Unknown command.
Are you sure you want to abandon this character and quit the game? (Confirm with "yes".)

♣##♣♣##♣♣♣
≈≈D≈J≈≈.n♣♣##
≈..≈#.§n{≈≈.#
≈≈≈#≈≈≈###†@#
##≈ #≈##
##≈♣# # ≈4#
#D°# #n.#
#≈.≈# ≈○≈.≈#
##≈#≈#


You could see an eight-headed hydra and 3 bog bodies.

Vanquished Creatures
  Saint Roka (Orc:2)
  Jorgrun (D:14)
  A thorn hunter (Swamp:2)
  Kirke (Lair:5)
  Donald (Swamp:3)
  A very ugly thing (Swamp:4)
  2 green deaths (Swamp:4)
  A fire dragon (D:14)
  12 hydras
  Fannar (Lair:3)
  Erolcha (Orc:2)
  Harold (Orc:1)
  A ghost crab (Swamp:3)
  4 centaur warriors
  A catoblepas (Lair:6)
  8 two-headed ogres
  An ogre mage (D:15)
  4 death yaks
  A tengu warrior (D:14)
  2 orc high priests
  6 alligators
  Urug (Lair:1)
  A hell knight (Volcano)
  A fire crab (Lair:6)
  4 skeletal warriors (D:15)
  An unseen horror (D:12)
  A glowing orange brain (D:15)
  10 swamp dragons
  5 spriggan druids
  An orc knight (Orc:2)
  A lindwurm (Lair:6)
  10 orc sorcerers
  2 cyclopes
  9 elephants
  17 ugly things
  2 manticores
  Joseph (D:9)
  3 black mambas
  An elephant (shapeshifter) (D:14)
  An eye of devastation (Lair:5)
  2 gargoyles
  A torpor snail (D:14)
  Maggie (Lair:1)
  An orange demon (Swamp:4)
  8 komodo dragons
  18 cane toads
  3 kobold demonologists
  A freezing wraith (D:14)
  A yaktaur (Volcano)
  A demonic crawler (D:14)
  11 hornets
  10 tyrant leeches
  5 trolls
  A polar bear (Lair:6)
  11 dream sheep (Lair:6)
  11 blink frogs
  6 slime creatures
  6 bog bodies
  11 hippogriffs
  A hippogriff (shapeshifter) (D:15)
  3 shadows
  2 wraiths
  A yak (shapeshifter) (D:15)
  Sigmund (D:2)
  14 spriggans
  2 wyverns
  3 hogs (Lair:5)
  7 fire bats (Volcano)
  A steam dragon (D:13)
  43 yaks
  3 basilisks
  7 vampire mosquitoes
  8 insubstantial wisps (Swamp:2)
  7 wargs
  2 soldier ants
  17 swamp worms
  18 water moccasins
  6 porcupines
  5 swamp drakes
  A hornet zombie (D:14)
  19 ice beasts
  2 sky beasts
  6 black bears
  14 orc warriors
  A phantom (D:9)
  14 ogres
  21 wolves
  3 eyes of draining
  3 boggarts (D:14)
  14 crocodiles
  23 centaurs
  3 big kobolds
  14 bullfrogs
  A wyvern zombie (D:9)
  3 scorpions
  6 killer bees (D:8)
  27 wights
  An electric eel (Lair:1)
  5 lava snakes (Volcano)
  2 bullfrog zombies (D:12)
  3 quasits
  4 centaur zombies
  19 orc priests
  5 centaur skeletons
  9 hounds
  3 jellies
  3 bullfrog skeletons
  2 iguanas
  40 orc wizards
  Terence (D:2)
  11 worker ants
  2 worker ant zombies (D:5)
  13 adders
  4 gnolls (D:5)
  3 shadow imps
  A white imp (D:5)
  An ufetubus (D:10)
  An adder zombie (D:6)
  2 adder skeletons
  3 worms
  A dart slug (D:2)
  4 leopard geckos
  99 orcs
  2 ball pythons (D:3)
  5 giant cockroaches
  15 goblins
  7 hobgoblins
  15 jackals
  5 quokkas
  5 bats
  2 frilled lizards
  18 kobolds
  2 leopard gecko skeletons
  A quokka skeleton (D:10)
  7 rats
  3 plants
888 creatures vanquished.

Vanquished Creatures (collateral kills)
  Erica (Orc:1)
  An alligator (Swamp:3)
  A wolf spider zombie (D:15)
  An orc sorcerer (Orc:2)
  A cane toad (Swamp:2)
  2 trolls (Orc:1)
  2 swamp worms (Swamp:3)
  A swamp drake (Swamp:3)
  An orc wizard (Orc:2)
  7 orcs
18 creatures vanquished.

Vanquished Creatures (others)
  A bog body (Swamp:2)
  A human (Lair:5)
  A boggart (D:14)
  3 orc wizards (Orc:2)
  An orc priest (D:14)
  An orc (Orc:2)
  2 bushes
  15 fungi
  4 plants
29 creatures vanquished.

Grand Total: 935 creatures vanquished

Notes
Turn   | Place    | Note
-------+----------+-------------------------------------------
     0 | D:1      | Morbidden the Kobold Gladiator began the quest for the Orb.
     0 | D:1      | Reached XP level 1. HP: 12/12 MP: 1/1
   141 | D:1      | You fall into a shaft and drop 1 floor!
   885 | D:1      | Reached XP level 2. HP: 18/18 MP: 2/2
  1287 | D:1      | Reached XP level 3. HP: 22/22 MP: 3/3
  1830 | D:2      | Reached skill level 5 in Short Blades
  2331 | D:2      | Noticed Terence
  2333 | D:2      | Found a radiant altar of Vehumet.
  2335 | D:2      | Killed Terence
  2335 | D:2      | Reached skill level 1 in Stealth
  2335 | D:2      | Reached XP level 4. HP: 27/27 MP: 4/4
  2339 | D:2      | Found a hide-covered altar of Uskayaw.
  2362 | D:2      | Noticed Sigmund
  2449 | D:2      | Killed Sigmund
  2449 | D:2      | Reached skill level 1 in Armour
  2449 | D:2      | Reached skill level 1 in Spellcasting
  2449 | D:2      | Reached XP level 5. HP: 13/32 MP: 1/6
  2449 | D:2      | Reached XP level 6. HP: 15/37 MP: 1/7
  2817 | D:2      | Reached skill level 2 in Stealth
  2969 | D:2      | Found a glowing silver altar of Zin.
  2970 | D:2      | Found a sacrificial altar of Ru.
  2971 | D:2      | Found an opulent altar of Gozag.
  3298 | D:3      | Noticed an ice beast
  3769 | D:3      | Reached skill level 3 in Stealth
  4397 | D:4      | Found Utanaac's Magic Scroll Shoppe.
  4430 | D:4      | Reached XP level 7. HP: 35/41 MP: 7/9
  4449 | D:4      | Found a white marble altar of Elyvilon.
  4706 | D:5      | Entered Level 5 of the Dungeon
  4851 | D:5      | Found a burning altar of Makhleb.
  4900 | D:5      | Found a runed translucent gate.
  4901 | D:5      | Found a runed translucent gate.
  4902 | D:5      | Found a runed translucent gate.
  4902 | D:5      | Identified the +9 short sword of Kioloe {venom, MR+ Int+3}
  4902 | D:5      | Noticed Napalmbreeze's ghost (novice FoFi)
  5022 | D:5      | Found an iron altar of Okawaru.
  5036 | D:5      | Reached skill level 4 in Stealth
  5808 | D:6      | Reached skill level 5 in Stealth
  5944 | D:6      | Reached XP level 8. HP: 41/48 MP: 9/11
  6432 | D:6      | Reached skill level 6 in Stealth
  6462 | D:6      | Found a shimmering blue altar of Sif Muna.
  6727 | D:6      | Found a staircase to the Ecumenical Temple.
  6734 | Temple   | Entered the Ecumenical Temple
  7021 | D:6      | Reached skill level 5 in Dodging
  7673 | D:6      | Reached XP level 9. HP: 53/53 MP: 13/13
  7714 | D:6      | Found an ancient bone altar of Kikubaaqudgha.
  7957 | D:7      | Found a bloodstained altar of Trog.
  7960 | D:7      | Reached skill level 5 in Fighting
  8251 | D:7      | Found Idycaiwn's Assorted Antiques.
  8361 | D:7      | Reached skill level 7 in Stealth
  8771 | D:7      | Found a shadowy altar of Dithmenos.
  9087 | D:7      | Became a worshipper of Dithmenos the Shadowed
 10122 | D:8      | Noticed a two-headed ogre
 10126 | D:8      | Killed a two-headed ogre
 10126 | D:8      | Reached skill level 9 in Stealth
 10126 | D:8      | Reached XP level 10. HP: 60/60 MP: 14/16
 10478 | D:8      | Reached skill level 10 in Stealth
 11643 | D:9      | Reached * piety under Dithmenos
 11799 | D:9      | Reached skill level 11 in Stealth
 12248 | D:9      | Noticed Joseph
 12251 | D:9      | Killed Joseph
 12270 | D:9      | Reached skill level 10 in Short Blades
 12367 | D:9      | Noticed a two-headed ogre
 12393 | D:9      | Killed a two-headed ogre
 12393 | D:9      | Reached skill level 12 in Stealth
 12452 | D:9      | Found a staircase to the Lair.
 12455 | D:9      | Reached XP level 11. HP: 66/66 MP: 18/18
 12555 | D:9      | Reached skill level 5 in Spellcasting
 12684 | D:9      | Found an ornate altar of the Wu Jian Council.
 13337 | D:10     | Entered Level 10 of the Dungeon
 13695 | D:10     | Reached skill level 1 in Evocations
 13897 | D:10     | Found Beudoyz's Antique Weapon Emporium.
 13901 | D:10     | Bought a translucent dagger for 189 gold pieces
 13901 | D:10     | Identified the +10 dagger of Bread {drain, Fragile +Fly
                  | Dex+3} (You bought it in a shop on level 10 of the Dungeon)
 13963 | D:10     | Reached skill level 1 in Invocations
 14426 | D:11     | Found a shimmering altar of Xom.
 14427 | D:11     | Found a shimmering altar of Xom.
 14427 | D:11     | Found a shimmering altar of Xom.
 14427 | D:11     | Found a shimmering altar of Xom.
 14428 | D:11     | Found a shimmering altar of Xom.
 14428 | D:11     | Found a shimmering altar of Xom.
 14557 | D:11     | Reached ** piety under Dithmenos
 14837 | D:11     | Found a shimmering altar of Xom.
 14839 | D:11     | Found a shimmering altar of Xom.
 14839 | D:11     | Found a shimmering altar of Xom.
 15085 | D:11     | Noticed a two-headed ogre
 15092 | D:11     | Killed a two-headed ogre
 15092 | D:11     | Reached skill level 13 in Stealth
 15142 | D:11     | Noticed a four-headed hydra
 15175 | D:11     | Killed a four-headed hydra
 15488 | D:11     | Noticed a green ugly thing
 15492 | D:11     | Killed a green ugly thing
 16319 | D:12     | Reached XP level 12. HP: 73/73 MP: 19/21
 16665 | D:12     | Noticed a skeletal warrior
 16985 | D:12     | Noticed a skeletal warrior
 17619 | D:11     | Reached *** piety under Dithmenos
 17872 | Lair:1   | Entered Level 1 of the Lair of Beasts
 17993 | Lair:1   | Noticed Maggie
 17997 | Lair:1   | Killed Maggie
 18079 | Lair:1   | Noticed Urug
 18110 | Lair:1   | Killed Urug
 18672 | Lair:1   | Reached skill level 10 in Dodging
 19485 | Lair:2   | Reached skill level 14 in Stealth
 19638 | Lair:2   | Reached XP level 13. HP: 42/80 MP: 23/23
 19817 | Lair:2   | Found a staircase to the Snake Pit.
 20145 | Lair:2   | Reached **** piety under Dithmenos
 20603 | Lair:2   | Identified a scroll of acquirement
 20603 | Lair:2   | Acquired the +7 lajatang of Order {silver, rMut}
 20604 | Lair:2   | Found the +7 lajatang of Order {silver, rMut}
 20750 | Lair:2   | Reached skill level 5 in Evocations
 20755 | Lair:2   | Reached skill level 5 in Invocations
 21287 | Lair:2   | Reached skill level 1 in Staves
 21976 | Lair:3   | Noticed Fannar
 21980 | Lair:3   | Killed Fannar
 22396 | Lair:3   | Noticed a five-headed hydra
 22426 | Lair:3   | Killed a five-headed hydra
 22796 | Lair:4   | Noticed an eight-headed hydra
 22800 | Lair:4   | Killed an eight-headed hydra
 22846 | Lair:4   | Found a transporter.
 22850 | Lair:4   | Noticed Doisiki's ghost (journeyman DsFE)
 22895 | Lair:4   | Reached ***** piety under Dithmenos
 23454 | Lair:4   | Found a staircase to the Swamp.
 23630 | Lair:4   | Found a transporter.
 23664 | Lair:4   | Reached skill level 5 in Armour
 24183 | Lair:5   | Found a frozen archway.
 24283 | Lair:5   | Reached XP level 14. HP: 38/87 MP: 22/25
 24285 | Lair:5   | Reached skill level 10 in Fighting
 24451 | IceCv    | Entered an ice cave
 24458 | IceCv    | Found a transporter.
 24563 | IceCv    | Found a transporter.
 25476 | Lair:5   | Reached skill level 15 in Stealth
 25635 | Lair:5   | Noticed Kirke
 25685 | Lair:5   | Killed Kirke
 25836 | Lair:5   | Found a staircase to the Slime Pits.
 26552 | Lair:6   | Entered Level 6 of the Lair of Beasts
 27096 | Lair:6   | Reached skill level 5 in Staves
 28246 | Lair:6   | Identified the Volume of the Fifty Priests
 28279 | Lair:6   | Got a fine lead ring
 28294 | Lair:6   | Identified the ring of the Falcon {Ice Int+2} (You found it
                  | on level 6 of the Lair of Beasts)
 29182 | D:13     | Reached XP level 15. HP: 81/93 MP: 27/27
 30060 | D:14     | Found Sezyrr's General Store.
 30273 | D:14     | Found the +9 sword of Zonguldrok {reap}
 30295 | D:14     | Reached ****** piety under Dithmenos
 30370 | D:14     | Identified the Disquisition on Flamy Clay
 30506 | D:14     | Noticed Roxanne
 30517 | D:14     | Noticed Jorgrun
 30526 | D:14     | Killed Jorgrun
 31035 | D:14     | Found Uqycuaxt's Antique Weapon Emporium.
 31075 | D:14     | Reached skill level 1 in Long Blades
 31253 | D:14     | Found Afoggyc's Gadget Shop.
 31287 | D:14     | Bought a condenser vane (2/2) for 260 gold pieces
 31287 | D:14     | Bought a tin of tremorstones (3/3) for 520 gold pieces
 31503 | D:14     | Found a gate to the Vaults.
 31700 | D:14     | Found Reijibbi's Antique Armour Shoppe.
 32241 | D:14     | Found Vahaym's Antique Armour Boutique.
 32329 | D:15     | Entered Level 15 of the Dungeon
 32383 | D:15     | Reached skill level 16 in Stealth
 34349 | D:15     | Reached XP level 16. HP: 100/100 MP: 29/29
 34460 | D:15     | Found a staircase to the Depths.
 35251 | D:12     | Found a staircase to the Orcish Mines.
 35595 | Orc:1    | Entered Level 1 of the Orcish Mines
 35652 | Orc:1    | Noticed Harold
 35660 | Orc:1    | Killed Harold
 35682 | Orc:1    | Noticed Erica
 35694 | Orc:1    | Killed Erica
 35733 | Orc:1    | Found a dark tunnel.
 35795 | Volcano  | Entered a volcano
 36312 | Volcano  | Found a burning altar of Makhleb.
 36436 | Volcano  | Found a bloodstained altar of Trog.
 36685 | Orc:1    | Found a roughly hewn altar of Beogh.
 36787 | Orc:2    | Entered Level 2 of the Orcish Mines
 36949 | Orc:2    | Found a roughly hewn altar of Beogh.
 36994 | Orc:2    | Found Ganemuch's Assorted Antiques.
 37367 | Orc:2    | Noticed Erolcha
 37377 | Orc:2    | Killed Erolcha
 37551 | Orc:2    | Found Vunuent's Book Emporium.
 37768 | Orc:2    | Noticed Saint Roka
 37786 | Orc:2    | Killed Saint Roka
 37786 | Orc:2    | Reached skill level 5 in Long Blades
 37930 | Orc:2    | Found a staircase to the Elven Halls.
 37971 | Orc:2    | Found Rihuming's Gadget Boutique.
 37997 | Orc:2    | Found Garruek's Armour Emporium.
 38128 | Orc:2    | Reached skill level 10 in Spellcasting
 38615 | Orc:1    | Upgraded the game from 0.26-a0-520-g952f204493 to
                  | 0.26-a0-537-g96b2eae49b
 38824 | Swamp:1  | Entered Level 1 of the Swamp
 38990 | Swamp:1  | Found a transporter.
 39200 | Swamp:1  | Found a transporter.
 39509 | Swamp:1  | Reached skill level 10 in Evocations
 39675 | Swamp:1  | Reached XP level 17. HP: 106/106 MP: 31/31
 39676 | Swamp:1  | Reached XP level 18. HP: 114/114 MP: 32/32
 39704 | Swamp:1  | Identified Vehumet's Grimoire of Arcane Weapons
 39712 | Swamp:1  | Got a steaming jade amulet
 39713 | Swamp:1  | Identified the amulet "Axeefe" {Acrobat *Slow rElec MR+}
                  | (You found it on level 1 of the Swamp)
 39725 | Swamp:1  | Got a twitching silver ring
 39729 | Swamp:1  | Identified the ring of Petsohe {+Blink rF+ Int-3 SInv} (You
                  | found it on level 1 of the Swamp)
 40218 | Swamp:2  | Reached XP level 19. HP: 117/119 MP: 33/33
 41021 | Swamp:3  | Noticed Donald
 41184 | Swamp:3  | Killed Donald
 42981 | Swamp:4  | Entered Level 4 of the Swamp
 43441 | Swamp:4  | HP: 2/120 [six-headed hydra (8)]
 43446 | Swamp:4  | HP: 1/120 [green death/bolt of poison (2)]
 43452 | Swamp:4  | HP: 6/120 [poisoned by a green death (poison arrow)]
 43457 | Swamp:4  | HP: 4/120 [poisoned by a swamp dragon (blast of poison)]
 43459 | Swamp:4  | Quit the game

Illustrated notes

Levels and vault maps discovered:
D:1:      giann_forest_graveyard, layout_loops_corners, st_stairs_12
D:2:      cheibrodos_old_hovel, layout_basic, grunt_temple_overflow_open,
          chequers_temple_overflow_statue_of_worship, uniq_terence, uniq_sigmund
D:3:      layout_loops_corners
D:4:      layout_loops_ring, serial_shops, shop_fountains, elyvilon_altar_5
D:5:      layout_cave_pools, kennysheep_okawaru_gauntlet, bloody_makhleb,
          gammafunk_ghost_nasty_kobolds
D:6:      layout_basic, lemuel_doored_altar, kennysheep_mini,
          minmay_temple_entry_drinking_statues, palyth_stone_intersect
D:7:      layout_loops_corners, lemuel_coloured_pillars_altar, serial_shops,
          shop_coins, trog_ov_bears_minmay
D:8:      layout_cave_pods, lemuel_tele_altar
D:9:      layout_loops_corners, old_standard_altar,
          grunt_lair_entry_orc_guard_hut, uniq_joseph
D:10:     layout_layer_cave, serial_shops, shop
D:11:     layout_loops_corners, corexii_hall_statues_l, grunt_ogre_cave,
          xom_shifter_show
D:12:     layout_loops_ring, erik_orc_3
D:13:     layout_roguey
D:14:     layout_loops_cross, nicolae_wwwww, serial_shops, shop_fountains,
          shop_coins, shop, shop, nicolae_shop_trees, worms_lemuel,
          uniq_roxanne, uniq_jorgrun
D:15:     gammafunk_enter_depths_forms, layout_basic, minmay_fountain_box
Temple:   zaba_magenta_temple
Lair:1:   layout_roguey, serial_bayou_shore_a, grunt_megastairs_3,
          lemuel_fruit_tree, uniq_urug, uniq_maggie
Lair:2:   layout_layer_cave, dummy_snake_entry, serial_forest,
          infiniplex_forest_straight_2, infiniplex_forest_end_1,
          infiniplex_forest_clump_tiny, infiniplex_forest_clump_long,
          infiniplex_forest_lined_2, infiniplex_forest_clump_double,
          infiniplex_forest_side_room, chequers_serial_rivers_micro_c,
          minmay_lair_oklob_items, lemuel_fruit_fields
Lair:3:   layout_loops_ring, infiniplex_staircase_pool_2, uniq_fannar
Lair:4:   layout_hall_layers, skrybe_swamp_entry_bodies,
          gammafunk_ghost_berserking_beasts
Lair:5:   layout_cave_pods, minmay_slime_entry_eyes,
          portal_ice_cave_entry_ice_beasts, small_statue_intersection,
          uniq_kirke
Lair:6:   grunt_lair_end_beastmaster, layout_hall_layers, st_stairs_4,
          grunt_megastairs_2
Swamp:1:  gammafunk_its_a_trap, layout_basic_swamp, evilmike_swamp_ruin_house_3
Swamp:2:  layout_basic_swamp, hangedman_swamp_pad, infiniplex_staircase_pool
Swamp:3:  layout_basic_swamp, hangedman_swamp_ruin_wall, swamp_pool3,
          nicolae_swamp_alligator_family, uniq_donald
Swamp:4:  swamp_vile, layout_basic_swamp, swamp_pool5
Orc:1:    layout_caves, lightli_volcano_entry_magma_tube, kennysheep_orc_chapel,
          uniq_harold, uniq_erica
Orc:2:    st_orc_town, layout_diamond_mine, uniq_erolcha, uniq_saint_roka

Skill      XL: |  1  2  3  4  5  6  7  8  9 10 11 12 13 14 15 16 17 18 19 |
---------------+----------------------------------------------------------+-----
Short Blades   | 5 6 7 8 9 10 11 12 | 12.2
Dodging        | 4 5 6 7 9 10 11 12 14 | 14.9
Stealth        | 1 3 5 6 9 12 13 14 15 16 | 16.6
Fighting       | 3 4 5 6 7 9 10 11 13 | 13.6
Armour         | 1 2 3 4 5 6 |  6.5
Spellcasting   | 1 2 3 4 6 7 8 9 10 | 10.6
Evocations     | 2 4 5 7 8 10 | 10.6
Invocations    | 2 4 5 7 8 9 |  9.7
Throwing       | 3 |  3.0
Staves         | 3 5 6 7 |  7.2
Long Blades    | 3 5 6 |  6.3

Action                   |  1- 3 |  4- 6 |  7- 9 | 10-12 | 13-15 | 16-18 | 19-21 || total
-------------------------+-------+-------+-------+-------+-------+-------+-------++-------
Melee: Rapier            |    76 |       |       |       |     1 |       |       ||    77
       Dagger            |    13 |   144 |   383 |  1268 |   900 |   175 |    13 ||  2896
       Lajatang          |       |       |       |       |   248 |    58 |   108 ||   414
       Unarmed           |       |       |       |       |     1 |       |       ||     1
       Double sword      |       |       |       |       |   153 |   340 |   127 ||   620
Throw: Throwing net      |     1 |     2 |       |       |       |       |       ||     3
       Boomerang         |       |       |    13 |     3 |       |    17 |    11 ||    44
Invok: Shadow Step       |       |       |       |       |     2 |       |       ||     2
       Shadow Form       |       |       |       |       |       |     1 |     1 ||     2
Evoke: Wand              |       |       |       |     9 |     9 |     6 |    25 ||    49
       Tin of tremorston |       |       |       |       |     5 |     5 |     3 ||    13
       Condenser vane    |       |       |       |       |     1 |     3 |     4 ||     8
  Use: Potion            |     2 |       |     3 |     1 |     8 |     5 |     6 ||    25
       Scroll            |       |     7 |     1 |    10 |    11 |    14 |    12 ||    55
 Stab: Sleeping          |     7 |    10 |    29 |    62 |   120 |    50 |     5 ||   283
       Distracted        |       |       |     1 |     4 |     7 |     8 |     3 ||    23
       Petrifying        |       |       |       |       |     2 |       |       ||     2
Armor: Leather armour    |    19 |    12 |    48 |    90 |       |       |       ||   169
       Skin              |       |       |     7 |       |    20 |       |       ||    27
       Swamp dragon scal |       |       |       |    28 |   240 |   108 |   107 ||   483
       Troll leather arm |       |       |       |       |       |    52 |       ||    52
Dodge: Dodged            |    64 |    85 |   214 |   739 |  1100 |   728 |   497 ||  3427
       Rpst.: Double sword |       |       |       |       |    51 |   101 |    46 ||   198

Table legend: (Time is in decaauts)
 A = Elapsed time spent in this place.
 B = Non-inter-level travel time spent in this place.
 C = Inter-level travel time spent in this place.
 D = Time resting spent in this place.
 E = Time spent auto-exploring this place.
 F = Levels seen in this place.
 G = Mean time per level.
                   A        B        C        D        E       F      G
               +--------+--------+--------+--------+--------+-----+--------+
         Total |  42565 |  40865 |   1700 |   5799 |  27383 |  30 | 1418.8 |
       Dungeon |  23656 |  22612 |   1044 |   2918 |  15506 |  15 | 1577.1 |
        Temple |    199 |    199 |      0 |      0 |    190 |   1 |  199.0 |
          Lair |  10429 |  10040 |    389 |   1420 |   6985 |   6 | 1738.2 |
         Swamp |   4829 |   4685 |    144 |    857 |   2913 |   4 | 1207.2 |
  Orcish Mines |   2384 |   2262 |    122 |    291 |   1317 |   2 | 1192.0 |
      Ice Cave |    369 |    369 |      0 |    278 |      0 |   1 |  369.0 |
       Volcano |    697 |    697 |      0 |     35 |    472 |   1 |  697.0 |
               +--------+--------+--------+--------+--------+-----+--------+

Top non-repeatable levels by time:
    D:14: 2892 daAuts
  Lair:2: 2452 daAuts
 Swamp:3: 2334 daAuts
  Lair:5: 2226 daAuts
    D:11: 2114 daAuts
  Lair:6: 2080 daAuts
    D:15: 2022 daAuts
     D:9: 1868 daAuts
    D:12: 1859 daAuts
     D:2: 1852 daAuts
     D:6: 1709 daAuts
   Orc:2: 1553 daAuts
     D:8: 1398 daAuts
  Lair:1: 1390 daAuts
 Swamp:2: 1328 daAuts
